AoeStats
← [LMB] xved

Nomad

506566308Analyzed
3v3 RM · 20d ago on Sep 14, 2026· 37m 0s· 6 players
Game mode
Random Map
Map size
210×210
Population
200
Speed
Normal
Resources
Standard
Victory
Conquest
Starting age
Dark Age
Ending age
Imperial Age
RankedLock teamsTeams togetherTeam positionsShared explorationLock speedFull tech treeHidden civsTurbo modeCheats
Victory
Defeat
🇺🇸 Jurchens · United States
1357
+6
🇺🇸 Celts · United States
985
+19
🇺🇸 Romans · United States
804
+25
🇺🇸 Persians · United States
1159
-21
🇦🇺 Franks · Australia
1093
-18
🇺🇸 Inca · United States
914
-11
[LMB] xved
11:37 Loom
14:17 Feudal Age
18:01 Castle Age
17:00 Forging
16:51 Horse Collar
17:09 Double-Bit Axe
18:12 Bloodlines
26:53 Wheelbarrow
26:49 Medium Warships
27:05 Bow Saw
27:48 Iron Casting
27:18 Scale Barding Armor
28:13 Hand Cart
28:16 Husbandry
29:00 Fishing Lines
30:52 Chain Barding Armor
30:51 Gillnets
35:04 Imperial Age
35:12 Siege Engineers
35:07 Elite Steppe Lancer
36:50 Chemistry
37:17 Plate Barding Armor
37:43 Blast Furnace
Lellasone
4:19 Loom
15:36 Feudal Age
20:36 Castle Age
27:39 Town Watch
33:28 Forging
33:19 Scale Mail Armor
35:20 Double-Bit Axe
TmTm
11:21 Loom
14:54 Feudal Age
16:24 Wheelbarrow
19:19 Wheelbarrow
20:36 Double-Bit Axe
22:26 Town Watch
25:03 Fishing Lines
28:04 Castle Age
28:37 Fletching
29:11 Medium Warships
28:32 Crossbowman
28:47 Pikeman
28:56 Man-at-Arms
28:59 Pikeman
29:40 Squires
30:04 Forging
29:56 Scale Mail Armor
30:49 Bow Saw
30:20 Long Swordsman
31:37 Horse Collar
36:03 Hand Cart
36:25 Heavy Plow
36:30 Gillnets
Koltonious
15:49 Feudal Age
19:47 Castle Age
20:09 Fletching
20:19 Padded Archer Armor
20:29 Loom
20:36 Double-Bit Axe
20:32 Horse Collar
28:00 Forging
29:28 Iron Casting
31:30 Scale Mail Armor
32:46 Bodkin Arrow
36:57 Leather Archer Armor
KingJo
13:11 Loom
14:59 Feudal Age
17:09 Double-Bit Axe
17:16 Fishing Lines
22:33 Castle Age
20:52 Stone Mining
Pill Cosby
7:40 Loom
15:14 Feudal Age
15:51 Double-Bit Axe
15:50 Horse Collar
18:04 Wheelbarrow
22:54 Castle Age
24:17 Bow Saw
24:09 Heavy Plow
25:34 Pikeman
27:07 Forging
28:15 Scale Mail Armor
28:56 Stone Mining
35:21 Imperial Age
33:23 Scale Barding Armor
34:49 Bloodlines
34:41 Husbandry
Connection lost

Rejoining the realm…

Still unreachable

The connection could not be restored.

Session expired

The server has moved on; the page needs a fresh start.